 Dungeon Crawl Stone Soup version 0.31-a0-1071-gaead2f62b1 (webtiles) character file.

Game seed: 4479131353444856001

123 Fodor the Trooper (level 4, -1/41 HPs)
             Began as a Minotaur Fighter on Nov 26, 2023.
             Succumbed to a kobold brigand's curare-tipped dart
             ... in a sewer.
             The game lasted 00:07:30 (1184 turns).

Fodor the Trooper (Minotaur Fighter)                Turns: 1184, Time: 00:07:31

Health: -1/41      AC: 12    Str: 22    XL:     4   Next: 80%
Magic:  3/3        EV:  6    Int:  5    God:
Gold:   91         SH:  4    Dex: 10    Spells: 3/3 levels left

rFire   . . .        a - +0 war axe
rCold   . . .        c - +0 buckler
rNeg    . . .        q - +0 plate armour
rPois   .            (helmet restricted)
rElec   .            (no cloak)
rCorr   .            (no gloves)
SInv    .            (no boots)
Will    .....        (no amulet) Stlth
                     (no ring)
HPRegen 0.26/turn    (no ring)
MPRegen 0.08/turn

%: no passive effects
@: mighty, lethally poisoned (-1 -> -10), slowed, very slow
A: horns 2, retaliatory headbutt
a: no special abilities


You were in a sewer.
You visited 1 branch of the dungeon, and saw 3 of its levels.
You also visited: Sewer.

You collected 91 gold pieces.

Inventory:

Hand Weapons
 a - a +0 war axe (weapon)
Armour
 c - a +0 buckler (worn)
 q - a +0 plate armour (worn)
Scrolls
 h - a scroll of enchant armour {unknown}
 i - 2 scrolls of immolation {unknown}
 j - a scroll of teleportation {unknown}
 n - 2 scrolls of identify {unknown}
 o - a scroll of noise {unknown}
 p - a scroll of blinking {unknown}
Potions
 e - a potion of attraction {unknown}
 f - a potion of heal wounds {unknown}
 g - 2 potions of curing {unknown}
 k - a potion of haste {unknown}
 l - a potion of brilliance {unknown}
 m - a potion of enlightenment {unknown}


   Skills:
 + Level 4.5 Fighting
 + Level 4.1 Axes
 + Level 4.4 Armour
 + Level 0.4 Dodging
 + Level 4.3 Shields


You had 3 spell levels left.
You didn't know any spells.
Your spell library was empty.

Dungeon Overview and Level Annotations

Branches:
Dungeon (3/15)              Sewer (1/1)

Altars:


Innate Abilities, Weirdness & Mutations

You have a pair of horns on your head.
You reflexively headbutt those who attack you in melee.


Message History

The ball python is moderately wounded.
The ball python bites you but does no damage.
You block the ball python's attack. x2; The ball python grabs you.
The ball python constricts you.
The shadow imp summons a swarm of flies.
You closely miss the ball python. You headbutt the ball python.
You kill the ball python!
You closely miss the shadow imp. The bat hits you but does no damage.
You block the bat's attack. The shadow imp gestures at you.
Pain shoots through your body!
The kobold throws a poisoned dart.
The poisoned dart barely misses you.
The poisoned dart barely misses the bat.
You slash the endoplasm!
You kill the endoplasm!
You closely miss the shadow imp. You barely miss the bat.
The bat hits you but does no damage.
A bat comes into view.
The shadow imp hits you but does no damage.
The kobold brigand throws a curare-tipped dart.
The curare-tipped dart hits you.
You are poisoned.
You have difficulty breathing.
You feel yourself slow down. You block the shadow imp's attack.
* * * LOW HITPOINT WARNING * * *
You feel extremely sick. The bat hits you but does no damage. x2
The shadow imp hits you but does no damage.
You block the kobold's attack.
* * * LOW HITPOINT WARNING * * *
You feel very sick. The bat hits you but does no damage.
The shadow imp gestures at you. Pain shoots through your body!
* * * LOW HITPOINT WARNING * * *
The kobold hits you but does no damage. Why would you want to do that?
Unknown command.
You feel very mighty all of a sudden.
You die...

≈≈≈≈≈≈≈≈≈≈≈≈~≈.).≈≈#
≈≈≈≈≈≈≈≈≈≈≈≈~..#.~≈#
≈≈≈≈≈≈≈≈≈≈≈≈~~.#.~~#
≈≈≈≈≈≈≈≈≈≈≈≈≈~.#.~≈#
≈≈≈≈≈≈≈≈≈≈≈≈...#..≈# ++#
≈~≈≈~~≈≈≈≈≈~...#..~# ....
##≈##≈##≈###.####.## ..⌠..
....†........≈b#...#.....⌠
†)..........≈≈≈≈@5KKK5._..
....)........≈≈#.K.#K....⌠
###≈#≈≈###~#.####.###Zbb..
≈≈≈~≈≈~≈≈≈.... .~~# .....
≈≈≈≈≈≈≈≈≈≈≈≈~..#.≈≈# '''#
≈≈≈≈≈≈≈≈≈≈≈~≈~.#..≈# ..≈
≈≈≈≈≈≈≈≈≈≈≈≈~~.#.~~# ≈
≈≈≈≈≈≈≈≈≈≈≈≈ #.≈≈#


You could see a kobold brigand, 2 shadow imps, 2 bats and 4 kobolds.

Vanquished Creatures
  An adder (D:3)
  2 gnolls (D:1)
  3 shadow imps (Sewer)
  2 worms (D:3)
  A dart slug (D:1)
  7 endoplasms
  4 giant cockroaches
  7 goblins
  7 jackals
  A quokka (D:2)
  8 ball pythons
  4 bats
  4 frilled lizards
  9 kobolds
  3 rats
63 creatures vanquished.

Notes
Turn   | Place    | Note
-------+----------+-------------------------------------------
     0 | D:1      | Fodor the Minotaur Fighter began the quest for the Orb.
     0 | D:1      | Reached XP level 1. HP: 19/19 MP: 0/0
    27 | D:1      | Reached XP level 2. HP: 21/27 MP: 1/1
   250 | D:1      | Found a faded altar of an unknown god.
   332 | D:1      | Reached XP level 3. HP: 33/33 MP: 2/2
   898 | D:2      | You fall into a shaft and drop 1 floor!
   919 | D:3      | Reached XP level 4. HP: 41/41 MP: 3/3
   944 | D:3      | Found a glowing drain.
   978 | Sewer    | Entered a sewer
  1174 | Sewer    | Found an ancient bone altar of Kikubaaqudgha.
  1174 | Sewer    | Noticed a kobold brigand
  1183 | Sewer    | HP: 2/41 [shadow imp/nerve-wracking pain (4)]
  1184 | Sewer    | Succumbed to a kobold brigand's curare-tipped dart

Illustrated notes

Levels and vault maps discovered:
D:1:      reono_arrival_mine, layout_loops_ring,
          hellmonk_ecumenical_altar_crossroads
D:2:      layout_loops_corners, basic_altar, minmay_misc_feat_room,
          minmay_misc_feat_chi
D:3:      layout_loops_cross, cheibrodos_sewer_entry_sluice,
          serial_park_tiny_pond
Sewer:    kennysheep_sewer_church

Skill      XL: |  1  2  3  4 |
---------------+-------------+-----
Armour         | 4 |  4.4
Fighting       | 4 |  4.5
Shields        | 4 |  4.3
Axes           | 3 4 |  4.1
Dodging        | |  0.4

Action                     |  1- 3 |  4- 6 || total
---------------------------+-------+-------++-------
  Melee: War axe           |    79 |    46 ||   125
         Headbutt          |    11 |     5 ||    16
    Use: Potion            |       |     1 ||     1
 Armour: Scale mail        |    50 |       ||    50
         Plate armour      |       |    56 ||    56
  Dodge: Dodged            |    32 |    18 ||    50
  Block: Buckler           |    17 |    21 ||    38

Table legend: (Time is in decaauts)
 A = Elapsed time spent in this place.
 B = Non-inter-level travel time spent in this place.
 C = Inter-level travel time spent in this place.
 D = Time resting spent in this place.
 E = Time spent auto-exploring this place.
 F = Levels seen in this place.
 G = Mean time per level.
                   A        B        C        D        E       F      G
               +--------+--------+--------+--------+--------+-----+--------+
         Total |   1238 |   1172 |     66 |     82 |      0 |   4 |  309.5 |
       Dungeon |   1018 |    952 |     66 |      0 |      0 |   3 |  339.3 |
         Sewer |    220 |    220 |      0 |     82 |      0 |   1 |  220.0 |
               +--------+--------+--------+--------+--------+-----+--------+

Top non-repeatable levels by time:
     D:1: 773 daAuts
   Sewer: 220 daAuts
     D:2: 154 daAuts
     D:3: 89 daAuts
